 Dungeon Crawl Stone Soup version 0.31-a0-1570-g93c622d222 (webtiles) character file.

Game seed: 14183186605268416914

17439 Inarius the Grappler (level 12, -3/109 HPs)
             Began as a Troll Chaos Knight on Jan 3, 2024.
             Was a Plaything of Xom.
             Slain by a reaper
             ... wielding a -4 scythe of freezing
              (23 damage)
             ... in an ice cave.
             The game lasted 00:15:46 (9911 turns).

Inarius the Grappler (Troll Chaos Knight)           Turns: 9911, Time: 00:15:47

Health: -3/109     AC: 14    Str: 26    XL:     12   Next: 18%
Magic:  11/11      EV: 16    Int: 12    God:    Xom [....*.]
Gold:   1681       SH:  0    Dex: 10    Spells: 11/11 levels left

rFire   . .          .
                       - Unarmed
rCold   . . .        (no shield)
rNeg    + . .        r - +0 swamp dragon scales
rPois   +            (helmet restricted)
rElec   .            A - +1 cloak
rCorr   .            (gloves unavailable)
SInv    .            (boots unavailable)
Will    +....        F - amulet of Guisat {Faith rN+}
Stlth   +            g - +5 ring of evasion
HPRegen 1.18/turn    h - ring of willpower
MPRegen 0.12/turn

%: resist mutation, faith
@: brilliant
A: large, unfitting armour, claws 3, regeneration 1, shaggy fur 1, tough skin 1,
iridescent scales 1, thin skeletal structure 1, clever 1, mutation resistance 3,
poison resistance, wild magic 2, MP-powered wands
a: Renounce Religion


You were in an ice cave.
You worshipped Xom.
You were a beloved toy of Xom.
You visited 1 branch of the dungeon, and saw 11 of its levels.
You also visited: Bailey and Ice Cave.

You collected 1681 gold pieces.

Inventory:

Missiles
 E - 2 throwing nets
Armour
 r - +0 swamp dragon scales (worn)
 v - a scarf of resistance
 A - a +1 cloak (worn)
Jewellery
 a - a +6 ring of intelligence
 g - a +5 ring of evasion (left claw)
 h - a ring of willpower (right claw)
 t - a ring of resist corrosion
 B - a ring of positive energy
 F - the amulet of Guisat (around neck) {Faith rN+}
   (Xom gifted it to you in an ice cave)

   [amulet of faith]

   Faith:     It allows you to gain divine favour quickly.
   rN+:       It protects you from negative energy.
Wands
 m - a wand of acid (5)
 s - a wand of charming (8)
 x - a wand of flame (16)
 z - a wand of polymorph (2)
Scrolls
 b - a scroll of butterflies
 f - a scroll of enchant armour {unknown}
 j - 2 scrolls of noise
 k - 2 scrolls of blinking {unknown}
 l - 6 scrolls of teleportation
 q - a scroll of amnesia
 w - a scroll of fog
 y - 2 scrolls of enchant weapon {unknown}
Potions
 c - 4 potions of curing {unknown}
 d - 5 potions of brilliance
 e - a potion of mutation {unknown}
 i - a potion of lignification {unknown}
 n - 2 potions of might {unknown}
 o - 2 potions of enlightenment {unknown}
 p - a potion of ambrosia {unknown}
 u - 3 potions of haste {unknown}
 C - 3 potions of attraction {unknown}
 D - a potion of degeneration {unknown}


   Skills:
 + Level 4.6 Fighting
 + Level 4.6 Armour
 + Level 7.0 Dodging
 + Level 14.5 Unarmed Combat
 * Level 6.9 Evocations


You had 11 spell levels left.
You didn't know any spells.
Your spell library contained the following spells:

 Spells                   Type           Power      Damage    Failure   Level
 Apportation              Tloc           0%         N/A       61%         1
 Kiss of Death            Conj/Necr      0%         2d5       61%         1
 Necrotise                Necr           0%         1d4       61%         1
 Sandblast                Erth           0%         2d4       61%         1
 Sting                    Conj/Alch      0%         1d3       61%         1
 Summon Small Mammal      Summ           0%         N/A       61%         1
 Confusing Touch          Hex            0%         N/A       91%         3
 Dazzling Flash           Conj/Hex       0%         N/A       91%         3
 Hailstorm                Conj/Ice       0%         3d5       91%         3
 Inner Flame              Hex/Fire       0%         N/A       91%         3
 Passwall                 Erth           0%         N/A       91%         3
 Stone Arrow              Conj/Erth      0%         3d7       91%         3
 Summon Ice Beast         Ice/Summ       0%         N/A       91%         3
 Vampiric Draining        Necr           0%         2d6       91%         3
 Volatile Blastmotes      Fire/Tloc      0%         2d10      91%         3
 Brom's Barrelling Bould  Conj/Erth      0%         2d3       100%        4
 Dispel Undead            Necr           0%         3d6       100%        4
 Ignite Poison            Fire/Alch      0%         N/A       100%        4
 Martyr's Knell           Necr/Summ      0%         N/A       100%        4
 Sticky Flame             Fire/Alch      0%         2d4       100%        4
 Curse of Agony           Necr           0%         N/A       100%        5
 Fireball                 Conj/Fire      0%         3d3       100%        5
 Irradiate                Conj/Alch      0%         3d11      100%        5
 Iskenderun's Battlesphe  Conj           0%         2d6       100%        5
 Summon Forest            Summ/Tloc      0%         N/A       100%        5
 Summon Mana Viper        Hex/Summ       0%         N/A       100%        5
 Conjure Ball Lightning   Conj/Air       0%         3x3d6     100%        6
 Sculpt Simulacrum        Ice/Alch       0%         N/A       100%        6
 Starburst                Conj/Fire      0%         6d3       100%        6
 Summon Cactus Giant      Summ           0%         N/A       100%        6
 Orb of Destruction       Conj           0%         9d5       100%        7
 Ignition                 Fire           0%         3d3       100%        8
 Maxwell's Capacitive Co  Air            0%         ∞         100%        8


Dungeon Overview and Level Annotations

Branches:
Dungeon (11/15)            Temple (0/1) D:6            Lair (0/5) D:11
 Bailey (visited)           IceCv (1/1)
    Orc: D:9-12

Altars:
Dithmenos
Ru
Sif Muna
Uskayaw
Zin

Shops:
D:8 [

Portals:
Trove: D:10 (give 9 potions of haste)

Annotations:
D:11 exclusion: oklob plant


Innate Abilities, Weirdness & Mutations

You are too large for most types of armour.
You have claws for hands.
Your natural rate of healing is unusually fast.
You are covered in fur. (AC +1)
You have tough skin. (AC +1)
You are partially covered in iridescent scales. (AC +2)
You have a somewhat thin skeletal structure. (Dex +2, Stealth+)
Your mind is acute. (Int +4, Str/Dex -1)
You are almost entirely resistant to further mutation and mutation removal.
Your system is resistant to poisons. (rPois)
Your spells are harder to cast, but more powerful.
You expend magic power (3 MP) to strengthen your wands.


Message History

You start resting.
HP restored.
You are engulfed in freezing vapours.
You're standing in a cloud of freezing vapour!
You're standing in a cloud of freezing vapour!
You're standing in a cloud of freezing vapour!
A reaper comes into view.
It is wielding a -4 scythe of freezing, wearing a +1 robe of cold resistance and wearing the ring "Zufuell" {rC+ Will+ rCorr Int+3}.
Found a manual of Ice Magic and a wand of flame (9).
Found 32 gold pieces, ice dragon scales and a great sword of freezing.
The reaper hits you with a -4 scythe of freezing!
The reaper drags you backwards! The reaper freezes you.
You scratch the reaper.
The reaper is lightly wounded. "Forecast: mostly cloudy."
The reaper hits you with a -4 scythe of freezing!!
The reaper freezes you!
You scratch the reaper.
The reaper is lightly wounded.
You barely miss the reaper. Your claw misses the reaper.
The reaper is lightly wounded.
The reaper hits you with a -4 scythe of freezing!!
A shower of butterflies erupts from you!
The reaper freezes you!
* * * LOW HITPOINT WARNING * * *
You closely miss the reaper.
The reaper is lightly wounded.
The reaper misses you.
You claw the reaper! Your claw misses the reaper.
The reaper is moderately wounded.
The reaper hits you with a -4 scythe of freezing.
* * * LOW HITPOINT WARNING * * *
The reaper freezes you.
* * * LOW HITPOINT WARNING * * *
Unknown command.
It was a potion of brilliance.
You feel clever all of a sudden.
Xom is highly amused!
The reaper hits you with a -4 scythe of freezing!!
You die...
Xom cackles wildly!

##.....# #. #####
#......## ## #...
#.......#### .).##
#...##..##≈#
...#§§##..#....#≈≈
#.###☼.#.##.#...≈≈
##§#.##.#.#..##..#≈
#bb#§.........#..##
#2@bb............#
#bb#§.####...#...#
##§#.........#...#
#.##........#...##
...##..#..###....#
.[. #..#.##○.....#
#... #..#.#..☼☼○#..
########.....#§###.
#....#○.○# #.


You could see a reaper (ally target).

Vanquished Creatures
  3 two-headed ogres
  An orc high priest (Bailey)
  An arcanist (D:11)
  Pikel (D:4)
  An orc knight (Bailey)
  2 cyclopes (D:11)
  2 ice statues (IceCv)
  Jeremiah (D:8)
  3 kobold demonologists
  A red devil (IceCv)
  2 anaconda simulacra (IceCv)
  5 ice devils (IceCv)
  4 trolls
  Prince Ribbit (D:6)
  A dire elephant simulacrum (IceCv)
  2 wyverns
  9 yaks (D:11)
  A death yak simulacrum (IceCv)
  Menkaure (D:7)
  A harpy simulacrum (IceCv)
  3 water moccasins
  Duvessa (D:6)
  A hydra simulacrum (IceCv)
  2 ice beasts
  A black bear (D:5)
  8 orc warriors
  6 ogres
  3 centaurs
  2 lemures (D:4)
  2 kobold brigands
  4 bullfrogs
  3 two-headed ogre simulacra
  2 gnoll sergeants
  7 scorpions
  Dowan (D:6)
  6 wights
  An elephant simulacrum (IceCv)
  2 electric eels (Bailey)
  4 howler monkeys
  3 bombardier beetles (D:5)
  A jelly (D:8)
  3 hounds (D:5)
  Crazy Yiuf (D:7)
  5 orc priests
  3 sleepcaps
  3 iguanas
  9 orc wizards
  2 troll simulacra (IceCv)
  A polar bear simulacrum (IceCv)
  4 spriggan simulacra
  A wolf simulacrum (IceCv)
  9 gnolls
  4 naga simulacra (IceCv)
  7 adders
  A white imp (D:6)
  2 ufetubi (IceCv)
  3 dart slugs
  4 ribbon worms
  37 orcs
  9 endoplasms
  3 giant cockroaches
  14 goblins
  11 hobgoblins
  30 kobolds
  5 quokkas
  10 ball pythons
  7 bats
  3 frilled lizards
  5 rats
302 creatures vanquished.

Vanquished Creatures (collateral kills)
  An orc knight (Bailey)
  Maggie (D:6)
  2 orc warriors (Bailey)
  An electric eel (Bailey)
  An adder (D:5)
  An orc (Bailey)
  4 goblins
11 creatures vanquished.

Vanquished Creatures (others)
  A yak (D:11)
1 creature vanquished.

Grand Total: 314 creatures vanquished

Notes
Turn   | Place    | Note
-------+----------+-------------------------------------------
     0 | D:1      | Inarius the Troll Chaos Knight began the quest for the Orb.
     0 | D:1      | Reached XP level 1. HP: 22/22 MP: 0/0
    28 | D:1      | XOM: divination: detect items
    47 | D:1      | Reached XP level 2. HP: 29/29 MP: 1/1
    65 | D:1      | XOM: divination: detect items
   494 | D:1      | Found a faded altar of an unknown god.
   507 | D:1      | Reached XP level 3. HP: 24/36 MP: 2/2
   559 | D:1      | XOM: silly message
   932 | D:2      | XOM: potion effect (invisibility)
  1261 | D:2      | XOM: divination: magic mapping
  1399 | D:2      | Reached skill level 4 in Unarmed Combat
  1399 | D:2      | Reached XP level 4. HP: 39/44 MP: 3/3
  1507 | D:3      | XOM: confuse monster(s)
  1548 | D:3      | XOM: stat loss: -1 Dex (8/9)
  1580 | D:3      | XOM: cloud trail
  1802 | D:3      | XOM: give mutations
  1802 | D:3      | Gained mutation: Your mind is acute. (Int +4, Str/Dex -1)
                  | [Xom's grace]
  1802 | D:3      | Gained mutation: Your system is resistant to poisons.
                  | (rPois) [Xom's grace]
  1802 | D:3      | Gained mutation: You are somewhat resistant to further
                  | mutation. [Xom's grace]
  1802 | D:3      | Gained mutation: Your spells are a little harder to cast,
                  | but a little more powerful. [Xom's grace]
  1822 | D:3      | Noticed a scorpion
  1830 | D:3      | Killed a scorpion
  1831 | D:3      | Reached skill level 1 in Evocations
  1831 | D:3      | Reached XP level 5. HP: 50/52 MP: 4/4
  1948 | D:3      | XOM: snakes to sticks
  2256 | D:4      | Reached skill level 5 in Unarmed Combat
  2276 | D:4      | XOM: smoke on damage
  2317 | D:4      | Reached XP level 6. HP: 61/61 MP: 5/5
  2462 | D:4      | XOM: silly message
  2488 | D:4      | XOM: give mutations
  2488 | D:4      | Gained mutation: You have a somewhat thin skeletal
                  | structure. (Dex +2, Stealth+) [Xom's mischief]
  2488 | D:4      | Lost mutation: Your mind is acute. (Int +4, Str/Dex -1)
                  | [Xom's mischief]
  2488 | D:4      | Gained mutation: You sometimes lose your temper in combat.
                  | [Xom's mischief]
  2774 | D:4      | XOM: potion effect (berserk rage)
  2777 | D:4      | Reached skill level 6 in Unarmed Combat
  2953 | D:4      | Noticed Pikel
  2957 | D:4      | XOM: summons 6 friendly demons
  2968 | D:4      | Killed Pikel
  2969 | D:4      | Reached skill level 7 in Unarmed Combat
  2969 | D:4      | Reached XP level 7. HP: 34/67 MP: 6/6
  3036 | D:4      | Reached XP level 8. HP: 75/75 MP: 7/7
  3272 | D:4      | XOM: summons 5 hostile demons
  3424 | D:5      | Entered Level 5 of the Dungeon
  3436 | D:5      | Reached skill level 8 in Unarmed Combat
  3525 | D:5      | XOM: summons 2 friendly demons
  3647 | D:5      | Reached skill level 9 in Unarmed Combat
  3844 | D:5      | Reached XP level 9. HP: 23/83 MP: 8/8
  4005 | D:5      | Found a hide-covered altar of Uskayaw.
  4147 | D:5      | XOM is BORED!
  4263 | D:6      | Found a staircase to the Ecumenical Temple.
  4338 | D:6      | Found a shadowy altar of Dithmenos.
  4552 | D:6      | Noticed Duvessa
  4553 | D:6      | Noticed Dowan
  4559 | D:6      | Killed Dowan
  4560 | D:6      | Noticed Maggie
  4565 | D:6      | XOM: cast spell 'Olgreb's Toxic Radiance'
  4571 | D:6      | Killed Duvessa
  4572 | D:6      | Reached skill level 5 in Dodging
  4579 | D:6      | Killed Maggie
  4580 | D:6      | Reached skill level 10 in Unarmed Combat
  4582 | D:6      | XOM: 2-stop teleportation journey
  4762 | D:6      | Found a sacrificial altar of Ru.
  4771 | D:6      | Noticed Prince Ribbit
  4772 | D:6      | Found a glowing silver altar of Zin.
  4778 | D:6      | Killed Prince Ribbit
  4953 | D:6      | XOM: give mutations
  4953 | D:6      | Gained mutation: You are somewhat resistant to both further
                  | mutation and mutation removal. [Xom's grace]
  4953 | D:6      | Gained mutation: Your movements are slightly less
                  | encumbered by armour. (ER -2) [Xom's grace]
  4953 | D:6      | Gained mutation: You are almost entirely resistant to
                  | further mutation and mutation removal. [Xom's grace]
  4953 | D:6      | Gained mutation: You are partially covered in iridescent
                  | scales. (AC +2) [Xom's grace]
  5160 | D:6      | XOM: god gift: halberd {god gift}
  5300 | D:7      | XOM: scenery: summon butterflies
  5315 | D:7      | XOM: give mutations
  5315 | D:7      | Gained mutation: You expend magic power (3 MP) to
                  | strengthen your wands. [Xom's grace]
  5315 | D:7      | Lost mutation: You sometimes lose your temper in combat.
                  | [Xom's grace]
  5320 | D:7      | XOM: confuse monster(s)
  5348 | D:7      | Noticed Menkaure
  5349 | D:7      | XOM: enchant monster (good)
  5352 | D:7      | Killed Menkaure
  5377 | D:7      | Found a shimmering blue altar of Sif Muna.
  5495 | D:7      | Reached skill level 11 in Unarmed Combat
  5650 | D:7      | Found a runed translucent door.
  5651 | D:7      | Noticed Crazy Yiuf
  5734 | D:7      | XOM: give mutations
  5734 | D:7      | Gained mutation: Your spells are harder to cast, but more
                  | powerful. [Xom's grace]
  5734 | D:7      | Gained mutation: Your mind is acute. (Int +4, Str/Dex -1)
                  | [Xom's grace]
  5823 | D:7      | Killed Crazy Yiuf
  5922 | D:8      | Found a flagged portal.
  5928 | D:8      | XOM: cast spell 'Death Channel'
  5929 | D:8      | XOM: polymorph goblin -> giant cockroach
  5949 | Bailey   | Entered a bailey
  5959 | Bailey   | Reached XP level 10. HP: 81/92 MP: 2/9
  5991 | Bailey   | Noticed an orc knight
  5992 | Bailey   | Noticed an orc knight
  6011 | Bailey   | Killed an orc knight
  6012 | Bailey   | Reached skill level 5 in Evocations
  6017 | Bailey   | Killed an orc knight
  6018 | Bailey   | Reached skill level 1 in Armour
  6158 | Bailey   | Found an iron altar of Okawaru.
  6159 | Bailey   | Noticed an orc high priest
  6168 | Bailey   | Killed an orc high priest
  6176 | Bailey   | Reached skill level 12 in Unarmed Combat
  6298 | Bailey   | XOM: polymorph goblin -> dart slug
  6380 | Bailey   | XOM: scenery: 1 doors close
  6507 | Bailey   | XOM: god gift: book of Geomancy
  6623 | D:8      | XOM: 1-stop teleportation journey
  6627 | D:8      | Found Lautaled's Armour Shoppe.
  6715 | D:8      | Noticed Jeremiah
  6728 | D:8      | Killed Jeremiah
  7140 | D:8      | XOM: summons 3 hostile shadow creatures
  7757 | D:8      | XOM is BORED!
  7757 | D:8      | XOM: stat loss: -1 Str (24/25)
  7767 | D:9      | Noticed a two-headed ogre
  7780 | D:9      | Killed a two-headed ogre
  7781 | D:9      | Reached XP level 11. HP: 69/100 MP: 10/10
  7800 | D:9      | XOM: 1-stop teleportation journey
  7805 | D:9      | XOM: summons 1 hostile shadow creature
  7806 | D:9      | XOM: enchant monster (bad)
  8101 | D:9      | Noticed a two-headed ogre
  8113 | D:9      | Killed a two-headed ogre
  8160 | D:9      | XOM: chaos cloud
  8168 | D:9      | Reached skill level 13 in Unarmed Combat
  8270 | D:10     | XOM: noise
  8270 | D:10     | Entered Level 10 of the Dungeon
  8324 | D:10     | XOM: give mutation
  8324 | D:10     | Lost mutation: Your movements are slightly less encumbered
                  | by armour. (ER -2) [Xom's mischief]
  8523 | D:10     | Noticed a two-headed ogre
  8528 | D:10     | Killed a two-headed ogre
  8649 | D:10     | Found a portal to a secret trove of treasure.
  8769 | D:10     | XOM: divination: detect items
  8818 | D:10     | Acquired 892 gold pieces
  9134 | D:11     | Found a staircase to the Lair.
  9136 | D:11     | Noticed an oklob plant
  9136 | D:11     | XOM: silly message
  9151 | D:11     | Noticed an arcanist
  9159 | D:11     | Killed an arcanist
  9166 | D:11     | XOM: potion effect (invisibility)
  9187 | D:11     | XOM: confusion
  9191 | D:11     | XOM: divination: detect items
  9202 | D:11     | XOM: stat loss: -1 Int (11/12)
  9218 | D:11     | XOM: 1-stop teleportation journey
  9221 | D:11     | XOM: summons 4 friendly demons
  9243 | D:11     | Noticed a centaur warrior
  9248 | D:11     | Noticed a white ugly thing
  9248 | D:11     | Noticed a boulder beetle
  9258 | D:11     | XOM: summons 1 hostile demon
  9263 | D:11     | Found a frozen archway.
  9280 | IceCv    | Entered an ice cave
  9444 | IceCv    | XOM: scenery: summon butterflies
  9452 | IceCv    | XOM: summons friendly white imp
  9453 | IceCv    | Reached skill level 14 in Unarmed Combat
  9539 | IceCv    | Identified the amulet of Guisat {Faith rN+} (Xom gifted it
                  | to you in an ice cave)
  9539 | IceCv    | XOM: god gift: amulet of Guisat {Faith rN+}
  9562 | IceCv    | XOM: enchant monster (good)
  9565 | IceCv    | Reached XP level 12. HP: 75/109 MP: 11/11
  9634 | IceCv    | Identified the staff "Jivveer" {*Corrode Fly Str+3 Conj
                  | Summ} (Xom gifted it to you in an ice cave)
  9634 | IceCv    | XOM: god gift: staff "Jivveer" {*Corrode Fly Str+3 Conj
                  | Summ}
  9751 | IceCv    | XOM: cast spell 'Metabolic Englaciation'
  9753 | IceCv    | XOM: polymorph ice devil -> red devil
  9904 | IceCv    | Identified the ring "Zufuell" {rC+ Will+ rCorr Int+3}
  9904 | IceCv    | Noticed a reaper
  9906 | IceCv    | XOM: fog
  9908 | IceCv    | XOM: butterfly on damage
  9911 | IceCv    | Slain by a reaper

Illustrated notes

Levels and vault maps discovered:
D:1:      nicolae_arrival_somewhat_less_tricky_arrival, layout_rooms,
          ebering_ecumenical_altar_webs, chequers_serial_rivers_micro_c
D:2:      layout_loops_ring
D:3:      layout_loops_cross, minmay_puff
D:4:      kennysheep_kobold_camp, layout_layer_cave, supply_closet_lemuel,
          uniq_pikel
D:5:      minmay_recursive_quarters, layout_basic, amcnicky_altar_gilded,
          grunt_decor_one_mirror
D:6:      layout_loops_corners, mainiacjoe_overflow_chevrons,
          mainiacjoe_overflow_catwalk_spiral, temple_fountains,
          kennysheep_generic_room_6, uniq_maggie, uniq_duvessa,
          uniq_prince_ribbit1
D:7:      layout_basic, lemuel_doored_altar, uniq_menkaure,
          uniq_crazy_yiuf_cottage
D:8:      layout_layer_cave, serial_shops, shop, enter_bailey_5,
          nicolae_concentric_dashed_squares_mild, uniq_jeremiah
D:9:      layout_rooms
D:10:     nicolae_whirlpool, layout_loops_ring, nicolae_trove_entry_columns,
          chequers_serial_rivers_small_a, minivault_11
D:11:     layout_cave_pools, dpeg_oklobed_lair,
          portal_ice_cave_entry_ice_simulacra, minmay_diamond_spiral
IceCv:    ice_cave_small_demon

Skill      XL: |  1  2  3  4  5  6  7  8  9 10 11 12 |
---------------+-------------------------------------+-----
Dodging        | 2 3 4 5 6 7 |  7.0
Unarmed Combat | 4 5 7 9 11 12 14 | 14.5
Evocations     | 1 2 3 4 5 6 |  6.9
Fighting       | 3 4 |  4.6
Armour         | 2 4 |  4.6

Action                     |  1- 3 |  4- 6 |  7- 9 | 10-12 || total
---------------------------+-------+-------+-------+-------++-------
  Melee: Unarmed           |    91 |   163 |   248 |   476 ||   978
         Punch             |     1 |     4 |    11 |    41 ||    57
  Evoke: Wand              |       |       |     2 |     8 ||    10
    Use: Scroll            |       |       |     7 |     1 ||     8
         Potion            |       |       |     1 |     1 ||     2
   Stab: Sleeping          |       |       |     5 |     2 ||     7
         Distracted        |       |       |     1 |       ||     1
         Petrifying        |       |       |     1 |       ||     1
         Invisible         |       |       |       |    14 ||    14
 Armour: Robe              |    53 |    70 |    94 |       ||   217
         Swamp dragon scal |       |       |    18 |   299 ||   317
  Dodge: Dodged            |    52 |   101 |   162 |   388 ||   703

Table legend: (Time is in decaauts)
 A = Elapsed time spent in this place.
 B = Non-inter-level travel time spent in this place.
 C = Inter-level travel time spent in this place.
 D = Time resting spent in this place.
 E = Time spent auto-exploring this place.
 F = Levels seen in this place.
 G = Mean time per level.
                   A        B        C        D        E       F      G
               +--------+--------+--------+--------+--------+-----+--------+
         Total |   9744 |   9245 |    499 |    487 |   6549 |  13 |  749.5 |
       Dungeon |   8565 |   8066 |    499 |    222 |   6148 |  11 |  778.6 |
        Bailey |    578 |    578 |      0 |     47 |    287 |   1 |  578.0 |
      Ice Cave |    600 |    600 |      0 |    218 |    114 |   1 |  600.0 |
               +--------+--------+--------+--------+--------+-----+--------+

Top non-repeatable levels by time:
     D:4: 1267 daAuts
     D:8: 1257 daAuts
     D:6: 1087 daAuts
    D:10: 810 daAuts
     D:2: 802 daAuts
     D:3: 761 daAuts
     D:5: 754 daAuts
     D:7: 603 daAuts
   IceCv: 600 daAuts
  Bailey: 578 daAuts
     D:1: 576 daAuts
     D:9: 465 daAuts
    D:11: 179 daAuts
